[Event "Titled Tuesday Blitz November 22 Late 2022"]
[White "Tanenbaum, Zachary"]
[Black "Musovic, Armin"]
[WhiteFideId "2060850"]
[BlackFideId "939935"]
[WhiteElo "2175"]
[BlackElo "2288"]
[Result "1-0"]
[Round "07"]
[TimeControl "180+1"]
[Date "2022.11.23"]
[WhiteClock "0:00:10"]
[BlackClock "0:00:05"]

1. e4 c6 2. d4 d5 3. exd5 cxd5 4. Bd3 Nc6 5. c3 Nf6 6. Bf4 g6 7. Nf3 Bg7 8. O-O O-O 9. Nbd2 Re8 10. Re1 Nd7 11. h3 f6 12. c4 e6 13. Rc1 Nb6 14. c5 Nd7 15. Bd6 e5 16. dxe5 Ndxe5 17. Bb5 a6 18. Ba4 Be6 19. Nxe5 fxe5 20. Bxc6 bxc6 21. Bxe5 Bh6 22. Rc3 Qa5 23. a3 Bf5 24. Nb3 Qa4 25. Qd4 Qxd4 26. Nxd4 Bd7 27. Rb3 Bf4 28. Nf3 Bh6 29. Rb7 Bf5 30. Bc3 Rxe1+ 31. Nxe1 Be4 32. Bd4 Re8 33. Kf1 a5 34. Nf3 Bd3+ 35. Kg1 Re4 36. Rb8+ Bf8 37. Be5 Kf7 38. Ng5+ Ke7 39. Nxe4 Bh6 40. Bd6+ Kd7 41. Nf6+ Ke6 42. Nxh7 Bc1 43. b4 axb4 44. axb4 Bd2 45. g4 d4 46. Re8+ Kd5 47. Nf6+ Kc4 48. Be5 Bc3 49. Rd8 Be2 50. Ne4 Bb2 51. Nd2+ Kxb4 52. Bxd4 Bc1 53. Be3 Kb5 54. Rb8+ Ka4 55. Ne4 Ba3 56. Nc3+ Ka5 57. Nxe2 Bxc5 58. Bxc5 g5 59. Nd4 Ka4 60. Ra8# 1-0


[Site "https://www.chess.com"]

[Event "Titled Tuesday Blitz November 22 Late 2022"]
[White "Tari, Aryan"]
[Black "Melikyan, Gnel"]
[WhiteFideId "1510045"]
[BlackFideId "54109990"]
[WhiteElo "2612"]
[BlackElo "2138"]
[Result "1-0"]
[Round "07"]
[TimeControl "180+1"]
[Date "2022.11.23"]
[WhiteClock "0:02:32"]
[BlackClock "0:01:35"]

1. d4 Nf6 2. Nf3 g6 3. g3 Bg7 4. Bg2 O-O 5. O-O d6 6. a4 c5 7. a5 Nc6 8. dxc5 dxc5 9. a6 Rb8 10. Bf4 bxa6 11. Bxb8 Nxb8 12. Qxd8 Rxd8 13. Nc3 e6 14. Rfd1 Re8 15. Ne5 Nd5 16. Nc4 Nxc3 17. bxc3 Bxc3 18. Rab1 Bb4 19. c3 1-0


[Site "https://www.chess.com"]

[Event "Titled Tuesday Blitz November 22 Late 2022"]
[White "Thomas, Anysia"]
[Black "Polster, Christian"]
[WhiteFideId "670472"]
[BlackFideId "12965081"]
[WhiteElo "2069"]
[BlackElo "2209"]
[Result "1/2-1/2"]
[Round "07"]
[TimeControl "180+1"]
[Date "2022.11.23"]
[WhiteClock "0:00:17"]
[BlackClock "0:00:16"]

1. d4 d5 2. c4 e6 3. Nf3 c6 4. g3 Nf6 5. Bg2 Bd6 6. O-O O-O 7. b3 Nbd7 8. Bb2 h6 9. Qc2 Ne4 10. Nbd2 f5 11. Ne5 Nxe5 12. dxe5 Bb4 13. Nxe4 fxe4 14. Rad1 Qe7 15. f3 exf3 16. exf3 Bd7 17. f4 a5 18. Kh1 a4 19. Qd3 axb3 20. axb3 Ra2 21. Bd4 c5 22. Bf2 dxc4 23. Qxd7 Qxd7 24. Rxd7 cxb3 25. Be4 c4 26. Rxb7 Ba3 27. h3 Rc8 28. f5 c3 29. Rxb3 c2 30. Bxc2 Rcxc2 31. Rf3 exf5 32. Rxf5 Be7 33. e6 Kh7 34. Kg2 Kg6 35. Rf3 Bc5 36. h4 h5 37. Rf4 Re2 38. Rf7 Rxe6 39. Rc7 Bxf2 40. Rxf2 Rxf2+ 41. Kxf2 Rf6+ 42. Kg2 Rd6 43. Rc5 Rd2+ 44. Kf3 Rd3+ 45. Kf4 Ra3 46. Rg5+ Kh6 47. Rd5 Ra4+ 48. Kf3 g6 49. Rd7 Ra3+ 50. Kg2 Ra4 51. Kh3 Rg4 52. Rd8 Kg7 53. Ra8 Kf6 54. Ra7 Re4 55. Ra6+ Re6 56. Ra5 Re5 57. Ra2 Kf5 58. Rg2 Re3 59. Rg1 Ke4 60. Rf1 Rf3 61. Ra1 Rd3 62. Ra6 Kf5 63. Ra5+ Ke4 64. Rg5 Rd6 65. Kg2 Ke3 66. Kh3 Rf6 67. Ra5 Kf2 68. Ra8 Kg1 69. Ra2 Rf2 70. Ra1+ Rf1 71. Ra6 Rf2 72. Ra1+ Rf1 73. Rxf1+ Kxf1 74. g4 Kf2 75. gxh5 gxh5 76. Kh2 Kf3 77. Kh3 Kf4 78. Kh2 Kg4 79. Kg2 Kxh4 80. Kh2 Kg4 81. Kh1 h4 82. Kh2 h3 83. Kh1 Kg3 84. Kg1 Kh4 85. Kh1 Kg4 86. Kg1 Kg3 87. Kh1 Kh4 88. Kg1 Kg4 89. Kh1 Kg3 90. Kg1 h2+ 91. Kh1 Kh3 1/2-1/2


[Site "https://www.chess.com"]

[Event "Titled Tuesday Blitz November 22 Late 2022"]
[White "Todev, Simeon"]
[Black "Alexikov, Alexander"]
[WhiteFideId "2925133"]
[BlackFideId "14103958"]
[WhiteElo "1938"]
[BlackElo "2222"]
[Result "1-0"]
[Round "07"]
[TimeControl "180+1"]
[Date "2022.11.23"]
[WhiteClock "0:00:05"]
[BlackClock "0:00:01"]

1. c4 Nf6 2. Nc3 g6 3. g3 Bg7 4. Bg2 c6 5. e4 d6 6. d4 O-O 7. Nge2 Qa5 8. O-O e5 9. h3 Nbd7 10. Be3 Re8 11. f4 Qb4 12. Qd3 Qxb2 13. fxe5 dxe5 14. d5 Qa3 15. g4 Nc5 16. Qc2 Qb4 17. Nd1 Qa5 18. Ng3 cxd5 19. cxd5 b6 20. g5 Nfd7 21. h4 Ba6 22. Rf3 Bd3 23. Qf2 Rf8 24. h5 Nxe4 25. Nxe4 Bxe4 26. Rh3 Bxg2 27. Qxg2 e4 28. Rc1 Qxd5 29. hxg6 fxg6 30. Qh2 Ne5 31. Kh1 Nf3 32. Qg3 Rac8 33. Nf2 Rxc1+ 34. Bxc1 Qc5 35. Bf4 Qf5 36. Rh4 Nd4 37. Bd6 Ne2 38. Qb3+ Rf7 39. Bf8 Bxf8 40. Qc3 Bg7 41. Qc4 Bf8 42. Nxe4 1-0


[Site "https://www.chess.com"]

[Event "Titled Tuesday Blitz November 22 Late 2022"]
[White "Toniutti, Ezio"]
[Black "Goroshkov, Maksym"]
[WhiteFideId "113034"]
[BlackFideId "14142716"]
[WhiteElo "2215"]
[BlackElo "2257"]
[Result "1-0"]
[Round "07"]
[TimeControl "180+1"]
[Date "2022.11.23"]
[WhiteClock "0:00:22"]
[BlackClock "0:01:09"]

1. d4 Nf6 2. c4 e5 3. dxe5 Ng4 4. Bf4 Nc6 5. Nf3 Bb4+ 6. Nbd2 Qe7 7. e3 Ngxe5 8. Nxe5 Nxe5 9. Be2 d6 10. O-O Bxd2 11. Qxd2 O-O 12. b4 b6 13. Rfd1 Bb7 14. a4 Qe6 15. a5 Qg6 16. Bg3 Rae8 17. axb6 axb6 18. Ra7 Qe4 19. f3 Qc6 20. b5 Qc5 21. Rxb7 Nxc4 22. Bxc4 Qxc4 23. Rc1 Qxb5 24. Rcxc7 Ra8 25. h4 Ra1+ 26. Rc1 Ra3 27. Qxd6 Rxe3 28. Qxf8+ Kxf8 29. Rc8+ Re8 30. Bd6+ Kg8 31. Rxe8+ Qxe8 32. Rb8 Qxb8 33. Bxb8 f6 34. Kf2 Kf7 35. Ke3 Ke6 36. Kd4 Kf5 37. g4+ Kg6 38. Bd6 h5 39. Ke4 hxg4 40. fxg4 b5 41. Kf4 Kf7 42. Bb4 Ke6 43. h5 Kf7 44. Kf5 Kg8 45. Kg6 Kh8 46. Bf8 b4 47. Bxg7+ Kg8 48. Bxf6 b3 49. h6 b2 50. h7+ Kf8 51. h8=Q# 1-0


[Site "https://www.chess.com"]

[Event "Titled Tuesday Blitz November 22 Late 2022"]
[White "Torres Boch, Jose Francisco"]
[Black "D`Arruda, Ricardo D."]
[WhiteFideId "2278383"]
[BlackFideId "100692"]
[WhiteElo "2073"]
[BlackElo "2519"]
[Result "1-0"]
[Round "07"]
[TimeControl "180+1"]
[Date "2022.11.23"]
[WhiteClock "0:00:50"]
[BlackClock "0:01:08"]

1. e4 c5 2. Nf3 Nc6 3. d4 cxd4 4. Nxd4 e5 5. Nb5 a6 6. Nd6+ Bxd6 7. Qxd6 Qe7 8. Qd1 Nf6 9. Nc3 d6 10. Bg5 Be6 11. Qd2 O-O 12. O-O-O Rfd8 13. f4 exf4 14. Qxf4 h6 15. Bxf6 Qxf6 16. Qxf6 gxf6 17. Nd5 Bxd5 18. Rxd5 Ne5 19. Be2 Kf8 20. Rhd1 Ke7 21. c3 Rac8 22. Kd2 Rg8 23. g3 h5 24. Ke3 h4 25. g4 Rc6 26. h3 Rg5 27. Kf4 Ng6+ 28. Ke3 Re5 29. R1d4 Ke6 30. Rb4 Ne7 31. Rxe5+ fxe5 32. Rxb7 Nc8 33. g5 d5 34. exd5+ Kxd5 35. Bf3+ 1-0


[Site "https://www.chess.com"]

[Event "Titled Tuesday Blitz November 22 Late 2022"]
[White "Urbina Perez, Juan Antonio"]
[Black "Bach, Matthias"]
[WhiteFideId "2217368"]
[BlackFideId "4603168"]
[WhiteElo "2197"]
[BlackElo "2165"]
[Result "0-1"]
[Round "07"]
[TimeControl "180+1"]
[Date "2022.11.23"]
[WhiteClock "0:01:50"]
[BlackClock "0:01:15"]

1. e4 e5 2. Nf3 Nc6 3. Bc4 Nf6 4. d3 h6 5. c3 Bc5 6. O-O d6 7. Re1 Be6 8. Bxe6 fxe6 9. a4 a5 10. Be3 Bxe3 11. fxe3 O-O 12. Nbd2 Qe7 13. Rf1 Nh7 14. Qb3 b6 15. Qc4 Nd8 16. d4 exd4 17. exd4 Nf7 18. Rae1 Nhg5 19. Nxg5 Nxg5 20. Qd3 Rxf1+ 21. Rxf1 Rf8 22. Nf3 Nxf3+ 23. Rxf3 Rxf3 24. Qxf3 Qf6 25. Qg4 Kf7 26. h3 Ke7 27. Qg3 g5 28. e5 Qf5 29. exd6+ cxd6 30. Qe1 Qd3 31. Kh2 Qc2 32. Qe4 Qxe4 0-1


[Site "https://www.chess.com"]

[Event "Titled Tuesday Blitz November 22 Late 2022"]
[White "Vargas, Mauricio"]
[Black "Antonova, Nadezhda"]
[WhiteFideId "4404572"]
[BlackFideId "14700182"]
[WhiteElo "2025"]
[BlackElo "1813"]
[Result "0-1"]
[Round "07"]
[TimeControl "180+1"]
[Date "2022.11.23"]
[WhiteClock "0:00:08"]
[BlackClock "0:00:34"]

1. e4 c5 2. Nc3 Nc6 3. f4 e6 4. Nf3 d5 5. e5 Nge7 6. g4 h5 7. g5 g6 8. Bg2 Nf5 9. O-O Be7 10. Ne2 h4 11. c3 b6 12. h3 Bb7 13. Nh2 d4 14. Ng4 d3 15. Qa4 Qd7 16. Re1 dxe2 17. Rxe2 O-O 18. Nf6+ Bxf6 19. gxf6 c4 20. Qxc4 Na5 21. Qb4 Qd3 22. Rf2 Bxg2 23. Rxg2 Qxh3 24. Qe4 Rad8 25. d4 Ng3 26. Qe3 Qh1+ 0-1


[Site "https://www.chess.com"]

[Event "Titled Tuesday Blitz November 22 Late 2022"]
[White "Walentukiewicz, Michal"]
[Black "Kleiman, Jake"]
[WhiteFideId "1126903"]
[BlackFideId "2020041"]
[WhiteElo "2026"]
[BlackElo "2614"]
[Result "0-1"]
[Round "07"]
[TimeControl "180+1"]
[Date "2022.11.23"]
[WhiteClock "0:00:33"]
[BlackClock "0:00:09"]

1. g3 d5 2. Bg2 e6 3. c4 Nf6 4. cxd5 exd5 5. Nf3 Be7 6. O-O O-O 7. d3 Bg4 8. Nc3 Nc6 9. e4 dxe4 10. dxe4 Bb4 11. h3 Qxd1 12. Rxd1 Bxf3 13. Bxf3 Bxc3 14. bxc3 Rfe8 15. Re1 Ne5 16. Kg2 Rad8 17. Bg5 Nxf3 18. Kxf3 Rd3+ 19. Kg2 Nxe4 20. f3 Nd6 21. Rxe8+ Nxe8 22. Re1 Nd6 23. c4 f6 24. Bf4 Kf7 25. c5 Ne8 26. Rb1 b6 27. cxb6 axb6 28. Rc1 c5 29. Rb1 g5 30. Bb8 Rd2+ 31. Kf1 Rxa2 32. Rxb6 h5 33. Rb7+ Kg6 34. h4 gxh4 35. gxh4 Ng7 36. Rc7 Rc2 37. Ba7 c4 38. Rc6 Nf5 39. Bb8 Kf7 40. Rc5 Ke6 41. Rc6+ Kf7 42. Rc7+ Kg6 43. Rc6 Ne3+ 44. Ke1 Kf5 45. Rc5+ Kg6 46. Rc6 Nd5 47. Rc5 Nb4 48. Kd1 Nd3 49. Rc6 Rg2 50. Ba7 Ne5 51. Rc7 Kf5 52. Bd4 Nxf3 53. Rxc4 Rd2+ 54. Kc1 Rxd4 55. Rc5+ Kg4 56. Rxh5 Kxh5 0-1


[Site "https://www.chess.com"]

[Event "Titled Tuesday Blitz November 22 Late 2022"]
[White "Winterberg, Lukas"]
[Black "Sanchez, Robert"]
[WhiteFideId "24622702"]
[BlackFideId "2034360"]
[WhiteElo "2349"]
[BlackElo "2317"]
[Result "1-0"]
[Round "07"]
[TimeControl "180+1"]
[Date "2022.11.23"]
[WhiteClock "0:00:45"]
[BlackClock "0:00:02"]

1. g3 d5 2. Bg2 e5 3. Nf3 Nc6 4. c4 Nf6 5. cxd5 Nxd5 6. O-O Be6 7. b3 f6 8. Bb2 Qd7 9. Qc1 O-O-O 10. Nc3 h5 11. d4 Nxc3 12. Bxc3 e4 13. Nh4 f5 14. Rd1 Bd5 15. Ng6 Rg8 16. Ne5 Nxe5 17. dxe5 Kb8 18. Qe3 g5 19. Rd2 Qe6 20. Rad1 c6 21. Bd4 a6 22. f3 f4 23. Qc3 e3 24. Rb2 Ba3 25. Rc2 Qe7 26. Qa5 Bb4 27. Qb6 c5 28. Rxc5 Bxc5 29. Bxc5 Qe6 30. Qa7+ Kc7 31. Bd6+ Kd7 32. Qc5 Bc6 33. Be7+ Kc8 34. Bxd8 Rxd8 35. Rxd8+ Kxd8 36. gxf4 gxf4 37. Qd4+ Qd5 38. Qxf4 Qd1+ 39. Bf1 Qd2 40. e6 Be8 41. Qb8+ Ke7 42. Qxb7+ Kxe6 43. Qxa6+ Kf7 44. Qc4+ Kg7 45. Qc7+ Bf7 46. Qg3+ Kf8 47. Kg2 Qxa2 48. Qd6+ Kg8 49. Qb8+ Kh7 50. b4 Qe6 51. Qf4 Qg6+ 52. Kh1 Qe6 53. Qe4+ Qxe4 54. fxe4 Kg6 55. Kg2 Kf6 56. Kf3 Ke5 57. Kxe3 Bg6 58. Bg2 h4 59. Bf3 Bf7 60. Kd3 Be6 61. b5 1-0


[Site "https://www.chess.com"]

[Event "Titled Tuesday Blitz November 22 Late 2022"]
[White "Wirig, Anthony"]
[Black "Osmak, Yuliia"]
[WhiteFideId "615013"]
[BlackFideId "14101602"]
[WhiteElo "2487"]
[BlackElo "2328"]
[Result "1-0"]
[Round "07"]
[TimeControl "180+1"]
[Date "2022.11.23"]
[WhiteClock "0:00:04"]
[BlackClock "0:00:21"]

1. d4 f5 2. Bg5 g6 3. Nd2 Bg7 4. e3 Nf6 5. h4 h6 6. Bf4 d6 7. Bd3 Nc6 8. Ngf3 O-O 9. c3 Qe8 10. Bc4+ Kh8 11. d5 e5 12. dxe6 Bxe6 13. Bxe6 Qxe6 14. Qb3 Qxb3 15. axb3 Rae8 16. O-O Nd5 17. Bg3 f4 18. exf4 Nxf4 19. Bxf4 Rxf4 20. g3 Rf7 21. b4 a6 22. Rae1 Rfe7 23. Rxe7 Rxe7 24. Ra1 Kg8 25. Kf1 Kf7 26. Rd1 Bf6 27. Nc4 Ne5 28. Nfxe5+ Bxe5 29. f4 Bf6 30. Kf2 h5 31. Ne3 Re6 32. Kf3 c6 33. Nc4 d5 34. Na5 b6 35. Nb3 Re7 36. Ra1 Ra7 37. Nd2 d4 38. Ra3 dxc3 39. bxc3 a5 40. Nc4 Rd7 41. Nxb6 Rd3+ 42. Kg2 axb4 43. Ra7+ Ke6 44. cxb4 Kf5 45. Rf7 Ke6 46. Rf8 Bc3 47. Rg8 Kf5 48. Nc4 Bxb4 49. Ne5 Rd6 50. Kf3 Bc3 51. Rf8+ Rf6 52. Rxf6+ Kxf6 53. Nxc6 Kf5 54. Ne7+ Kf6 55. Nd5+ 1-0


[Site "https://www.chess.com"]

[Event "Titled Tuesday Blitz November 22 Late 2022"]
[White "Xiong, Jeffery"]
[Black "Sokolovsky, Yahli"]
[WhiteFideId "2047640"]
[BlackFideId "2820242"]
[WhiteElo "2725"]
[BlackElo "2316"]
[Result "0-1"]
[Round "07"]
[TimeControl "180+1"]
[Date "2022.11.22"]
[WhiteClock "0:00:03"]
[BlackClock "0:00:06"]

1. d4 d6 2. e4 g6 3. Nf3 Bg7 4. Be3 a6 5. c4 c5 6. Nc3 cxd4 7. Nxd4 Nc6 8. Be2 Nf6 9. O-O O-O 10. Nxc6 bxc6 11. Qd2 Ng4 12. Bxg4 Bxg4 13. Bh6 Be6 14. Bxg7 Kxg7 15. b3 Qa5 16. f4 f5 17. Rae1 Rae8 18. Kh1 Kg8 19. Qe3 Rf7 20. e5 Rff8 21. exd6 exd6 22. Qd4 Qc7 23. Rd1 Rd8 24. Rf3 Rfe8 25. Re3 Bf7 26. h3 Rxe3 27. Qxe3 Re8 28. Qd4 Re6 29. Na4 Qe7 30. Kh2 Re2 31. Nc3 Re6 32. Rd3 Be8 33. Qb6 Qh4 34. Rf3 Qe1 35. Qd4 Qc1 36. Rd3 c5 37. Qd5 Qxf4+ 38. Rg3 Bf7 39. Qa8+ Kg7 40. Nd5 Qe5 41. Qxa6 h5 42. h4 Qd4 43. Qa5 Qxh4+ 44. Rh3 Qd4 45. Qd8 Re1 46. Qxd6 Qg1+ 47. Kg3 Re6 48. Qf4 Re4 49. Qf2 Rg4+ 50. Kf3 Qd1+ 51. Qe2 Qd4 52. Qe7 Qd1+ 53. Qe2 Bxd5+ 54. cxd5 Qxd5+ 55. Kf2 Re4 56. Qb2+ Kh6 57. Qc1+ f4 58. Rc3 Qd4+ 59. Kf1 Qe5 60. Rxc5 Qd4 61. Rc3 Re3 62. Rxe3 fxe3 63. Ke2 Qg4+ 64. Kxe3 Qg5+ 0-1


[Site "https://www.chess.com"]

[Event "Titled Tuesday Blitz November 22 Late 2022"]
[White "Young, Ryan"]
[Black "Feng, Eric"]
[WhiteFideId "2049945"]
[BlackFideId "30952590"]
[WhiteElo "2328"]
[BlackElo "1785"]
[Result "0-1"]
[Round "07"]
[TimeControl "180+1"]
[Date "2022.11.23"]
[WhiteClock "0:00:15"]
[BlackClock "0:00:51"]

1. e4 c6 2. Nf3 d5 3. Nc3 dxe4 4. Nxe4 Nf6 5. Qe2 Nxe4 6. Qxe4 Nd7 7. Bc4 Nf6 8. Ne5 e6 9. Qe2 b5 10. Bb3 Bb7 11. O-O Bd6 12. d4 h6 13. c3 O-O 14. Bf4 Qe7 15. Rfe1 a6 16. Rad1 c5 17. Bg3 c4 18. Bc2 Nd5 19. a3 Rae8 20. Bb1 Bxe5 21. Bxe5 f6 22. Bg3 f5 23. Be5 Qg5 24. f3 Nf4 25. Bxf4 Qxf4 26. Qe5 Qg5 27. Kh1 Bd5 28. Qg3 Qf6 29. Re5 Re7 30. Rde1 Rfe8 31. Qf2 Kf7 32. Qe3 g5 33. Bc2 h5 34. Kg1 g4 35. Bd1 Rg8 36. Qf4 Qg5 37. Qxg5 Rxg5 38. f4 Rg8 39. g3 Be4 40. Kf2 Kf6 41. Re2 Rh8 42. Bc2 Bxc2 43. Rxc2 h4 44. Re1 hxg3+ 45. Kxg3 Rh3+ 46. Kg2 Rf3 47. Rf1 Rh3 48. Re2 Reh7 49. Kg1 R7h6 50. Rfe1 Kf7 51. d5 exd5 52. Re7+ Kg6 53. R7e6+ Kh5 54. Rxh6+ Kxh6 55. Re6+ Kh5 56. Rf6 Rd3 57. Rxf5+ Kh4 58. Rf8 g3 59. hxg3+ Kxg3 60. Kf1 Rd2 61. f5 Kf3 62. Ke1 Rxb2 63. f6 Ke3 64. Kf1 Rf2+ 65. Kg1 Rf5 66. f7 Kd3 67. Kg2 Kxc3 68. Kg3 d4 69. Kg4 Rf1 70. Kg3 d3 71. Kg2 Rf6 72. Kg3 d2 73. Rd8 Rxf7 74. Rxd2 0-1


[Site "https://www.chess.com"]

[Event "Titled Tuesday Blitz November 22 Late 2022"]
[White "Yuan, Qingyu"]
[Black "Manelyuk, Daniil"]
[WhiteFideId "8609772"]
[BlackFideId "44173920"]
[WhiteElo "2359"]
[BlackElo "2209"]
[Result "1/2-1/2"]
[Round "07"]
[TimeControl "180+1"]
[Date "2022.11.22"]
[WhiteClock "0:01:14"]
[BlackClock "0:02:05"]

1. e4 e6 2. d4 d5 3. Nc3 Bb4 4. e5 c5 5. a3 Bxc3+ 6. bxc3 Ne7 7. a4 O-O 8. Nf3 b6 9. Bb5 Bd7 10. O-O a6 11. Bd3 Nbc6 12. Bxh7+ Kxh7 13. Ng5+ Kg6 14. Qg4 f5 15. Qg3 f4 16. Bxf4 Nf5 17. Qg4 Nh6 18. Qg3 Nf5 19. Qg4 Nh6 20. Qg3 Nf5 1/2-1/2


[Site "https://www.chess.com"]

[Event "Titled Tuesday Blitz November 22 Late 2022"]
[White "Zhigalko, Sergei"]
[Black "Sargsyan, Anna M."]
[WhiteFideId "13502956"]
[BlackFideId "13308130"]
[WhiteElo "2662"]
[BlackElo "2284"]
[Result "1-0"]
[Round "07"]
[TimeControl "180+1"]
[Date "2022.11.22"]
[WhiteClock "0:00:58"]
[BlackClock "0:00:35"]

1. e4 c6 2. d4 d5 3. e5 Bf5 4. Nf3 e6 5. Be2 Nd7 6. O-O h6 7. Nbd2 Ne7 8. a4 Qc7 9. a5 a6 10. Re1 g5 11. Nb3 Bg7 12. Bd2 O-O 13. Bb4 Rae8 14. Bd3 Bxd3 15. Qxd3 f6 16. Bd6 Qd8 17. h3 Rf7 18. exf6 Nxf6 19. Rxe6 Ne4 20. Rxe7 Rexe7 21. Bxe7 Qxe7 22. c3 h5 23. Rf1 g4 24. Nfd2 Ng5 25. h4 Nf3+ 26. gxf3 Qxh4 27. Re1 gxf3 28. Qg6 Kf8 29. Nc5 1-0


[Site "https://www.chess.com"]

[Event "Titled Tuesday Blitz November 22 Late 2022"]
[White "monkins"]
[Black "Tomaszewski, Kacper"]
[BlackFideId "1127373"]
[WhiteElo "2317"]
[BlackElo "2211"]
[Result "0-1"]
[Round "07"]
[TimeControl "180+1"]
[Date "2022.11.23"]
[WhiteClock "0:00:01"]
[BlackClock "0:01:02"]

1. Nf3 d5 2. c4 e6 3. g3 Nf6 4. Bg2 Bd6 5. d3 Nc6 6. O-O O-O 7. a3 e5 8. cxd5 Nxd5 9. Nc3 Be6 10. Ng5 Nxc3 11. bxc3 Bd7 12. Qb3 Be7 13. Nf3 Rb8 14. Bb2 Be6 15. Qa4 Bf6 16. Nd2 Bd5 17. Ne4 Be7 18. c4 Be6 19. Rab1 f5 20. Nd2 Nd4 21. Bxd4 Qxd4 22. Rxb7 e4 23. Qxa7 Qxa7 24. Rxa7 Rb2 25. Rd1 e3 26. Nf3 exf2+ 27. Kf1 f4 28. Nd4 Bg4 29. Bd5+ Kh8 0-1


[Site "https://www.chess.com"]

[Event "Titled Tuesday Blitz November 22 Late 2022"]
[White "Aggelis, Nikolaos"]
[Black "Oparin, Grigoriy"]
[WhiteFideId "4213220"]
[BlackFideId "24125890"]
[WhiteElo "2189"]
[BlackElo "2639"]
[Result "0-1"]
[Round "08"]
[TimeControl "180+1"]
[Date "2022.11.22"]
[WhiteClock "0:00:12"]
[BlackClock "0:01:17"]

1. Nf3 c5 2. c4 Nc6 3. g3 e5 4. Bg2 g6 5. d3 Bg7 6. O-O Nge7 7. Nc3 O-O 8. Ne1 h6 9. Nc2 d6 10. Ne3 Be6 11. Ned5 Kh7 12. Rb1 Qd7 13. Re1 Rae8 14. a3 f5 15. b4 b6 16. e3 Ng8 17. bxc5 dxc5 18. Bb2 Nf6 19. Nxf6+ Bxf6 20. Nd5 Bg7 21. h4 Ne7 22. Qb3 Rd8 23. e4 f4 24. gxf4 Rxf4 25. Nxf4 exf4 26. Bxg7 Kxg7 27. Qb2+ Kf7 28. Qe5 Qd6 29. Qxd6 Rxd6 30. Bf1 Nc6 31. f3 Kf6 32. Kf2 Ke5 33. Be2 Kd4 34. Rg1 Bd7 35. Rbc1 Ne5 36. Rgd1 Ba4 37. Rd2 Bb3 38. Bf1 Ba4 39. Be2 Bd7 40. Rdd1 Rf6 41. Bf1 Rf8 42. Be2 Be6 43. Rg1 Rd8 44. Rgd1 Rb8 45. Rd2 Bd7 46. Rdd1 Ba4 47. Rd2 Rg8 48. Bf1 Bc6 49. Be2 Bd7 50. Bf1 g5 51. hxg5 hxg5 52. Be2 Rh8 53. Rg1 Rh2+ 54. Kf1 Ke3 55. Ra2 Nxf3 56. Bxf3 Rxa2 57. Bg4 Ra1+ 58. Kg2 Rxg1+ 59. Kxg1 Bxg4 0-1


[Site "https://www.chess.com"]

[Event "Titled Tuesday Blitz November 22 Late 2022"]
[White "Aguilar, Juan"]
[Black "Novikova, Galina"]
[WhiteFideId "3800091"]
[BlackFideId "4157095"]
[WhiteElo "2488"]
[BlackElo "1973"]
[Result "1-0"]
[Round "08"]
[TimeControl "180+1"]
[Date "2022.11.23"]
[WhiteClock "0:00:26"]
[BlackClock "0:00:03"]

1. d4 e6 2. c4 d5 3. Nf3 c6 4. g3 Nf6 5. Bg2 Be7 6. O-O O-O 7. Qc2 b6 8. Nbd2 Nbd7 9. e4 dxe4 10. Nxe4 Nxe4 11. Qxe4 Bb7 12. Rd1 Nf6 13. Qc2 Qc8 14. c5 Nd5 15. Bd2 Bf6 16. b4 a5 17. a3 h6 18. Ne5 Bxe5 19. dxe5 Qc7 20. Re1 axb4 21. Bxb4 Nxb4 22. axb4 Rxa1 23. Rxa1 Qxe5 24. Ra7 Ba8 25. cxb6 Qe1+ 26. Bf1 Qxb4 27. Qa2 Qxb6 28. Rxa8 Rxa8 29. Qxa8+ Kh7 30. Bd3+ g6 31. Qf8 Qc7 32. h4 h5 33. Qc5 Kg7 34. Be4 Qd8 35. Qxc6 Qd1+ 36. Kg2 Qd4 37. Bf3 Qf6 38. Qe4 Qc3 39. g4 hxg4 40. Qxg4 Kf8 41. Qg5 Qd4 42. h5 gxh5 43. Bxh5 Qe4+ 44. Bf3 Qh7 45. Kg3 Qd3 46. Qf6 Qd6+ 47. Kg4 Qc5 48. Qd8+ Kg7 49. Qg5+ Qxg5+ 50. Kxg5 f6+ 51. Kf4 Kg6 52. Bc6 Kf7 53. Kg4 Ke7 54. Kh5 Kd6 55. Bg2 Ke5 56. Kg6 f5 57. Kg5 Kd4 58. Kf6 Kd3 59. Kxe6 f4 60. Kf5 Ke2 61. f3 Kf2 62. Kxf4 Kxg2 63. Kg4 1-0


[Site "https://www.chess.com"]

[Event "Titled Tuesday Blitz November 22 Late 2022"]
[White "Alexikov, Alexander"]
[Black "Shapiro, Daniel"]
[WhiteFideId "14103958"]
[BlackFideId "2001780"]
[WhiteElo "2222"]
[BlackElo "2304"]
[Result "0-1"]
[Round "08"]
[TimeControl "180+1"]
[Date "2022.11.23"]
[WhiteClock "0:00:04"]
[BlackClock "0:00:05"]

1. e4 e5 2. Nf3 Nc6 3. c3 Nf6 4. d4 d6 5. Bb5 Bd7 6. O-O Be7 7. Re1 O-O 8. Ba4 Re8 9. h3 Bf8 10. Nbd2 g6 11. Bc2 Bg7 12. a3 Nh5 13. Nf1 b5 14. a4 b4 15. d5 Ne7 16. cxb4 Rf8 17. b5 h6 18. Bd2 Qe8 19. Qc1 Kh7 20. Bd3 Rc8 21. Be3 f5 22. exf5 gxf5 23. Bxa7 e4 24. Nd4 exd3 25. Qe3 Be5 26. Qxd3 Ra8 27. b6 Nxd5 28. Nf3 Nhf4 29. Qd2 cxb6 30. Nxe5 dxe5 31. Ne3 Qg6 32. g3 Bc6 33. Rac1 Nxh3+ 34. Kg2 Ng5 35. Rxc6 Qxc6 36. Nxd5 Rxa7 37. Rxe5 Rd7 38. Qc3 Qxc3 39. bxc3 Ne4 40. c4 Rd6 41. f3 Nc5 42. Ne3 Nxa4 43. Nxf5 Rdf6 44. g4 h5 45. Re7+ Kh8 46. Kg3 hxg4 47. fxg4 Rxf5 48. gxf5 Rxf5 49. Ra7 Ra5 50. Rb7 Rc5 51. Ra7 Rxc4 52. Kf3 b5 53. Ke3 Kg8 54. Kd3 Kf8 55. Rb7 Rc5 56. Kd4 Rh5 0-1


[Site "https://www.chess.com"]

[Event "Titled Tuesday Blitz November 22 Late 2022"]
[White "Andreikin, Dmitry"]
[Black "Martinez Alcantara, Jose Eduardo"]
[WhiteFideId "4158814"]
[BlackFideId "3805662"]
[WhiteElo "2736"]
[BlackElo "2705"]
[Result "1-0"]
[Round "08"]
[TimeControl "180+1"]
[Date "2022.11.22"]
[WhiteClock "0:00:05"]
[BlackClock "0:00:10"]

1. Nf3 d5 2. e3 Nf6 3. c4 c6 4. Nc3 a6 5. d4 g6 6. h3 Bg7 7. Be2 O-O 8. O-O Nbd7 9. cxd5 cxd5 10. Ne5 e6 11. f4 b5 12. Bd2 Nb6 13. Rc1 Nc4 14. b3 Nd6 15. Bd3 Bb7 16. Ne2 Re8 17. Bb4 Nfe4 18. Qe1 Nf5 19. Ba5 Qd6 20. Bb4 Qd8 21. Bxe4 dxe4 22. Ng3 a5 23. Bc5 f6 24. Ng4 b4 25. Nxf5 exf5 26. Nh2 Bd5 27. Rf2 h5 28. Nf1 Qd7 29. Nd2 Re6 30. Nc4 Qd8 31. Rfc2 Kh7 32. Qh4 Kg8 33. Nb2 Rc6 34. Na4 Rac8 35. Kh1 Kf7 36. Rg1 Be6 37. Qe1 g5 38. Qe2 Kg6 39. g3 Bh6 40. h4 Bg7 41. Qb5 Bd7 42. Qe2 Be6 43. Rgc1 Kh6 44. Bb6 Qe8 45. Rc5 Bf8 46. R5c2 gxh4 47. gxh4 Bd7 48. Bc5 Bg7 49. Rg1 Kh7 50. Qc4 Be6 51. Qb5 Qf7 52. Rcg2 Bh6 53. Nb6 R8c7 54. Qxa5 Rb7 55. Qxb4 Qc7 56. Qa4 Rbxb6 57. Bxb6 Qxb6 58. Qa8 Rc8 59. Qa3 Qb7 60. Qd6 Qf7 61. Rg6 Bf8 62. Qa6 Re8 63. d5 Bxd5 64. Rxf6 Qe7 65. Rg5 Bf7 66. Rfxf5 Bh6 67. Rxh5 Bxh5 68. Rxh5 Qg7 69. Qc6 Rg8 70. Qxe4+ Kh8 71. Qe5 Kh7 72. Qe4+ Kh8 73. Qe5 Kh7 74. Qxg7+ Kxg7 75. Rd5 Re8 76. Rd3 Kg6 77. Kg2 Rc8 78. Kf3 Rc2 79. a4 Bf8 80. Rd5 Ra2 81. Rb5 Be7 82. h5+ Kh6 83. Ke4 Bh4 84. Kf5 Re2 85. e4 Rf2 86. Kg4 Bd8 87. Rd5 Bc7 88. e5 Rg2+ 89. Kf5 Rc2 90. Rd7 Ba5 91. Rd6+ Kg7 92. h6+ Kh7 93. Ra6 Bb4 94. Rb6 Ba3 95. a5 Ra2 96. a6 Bc5 97. Rc6 Be3 98. Ke4 Bd2 99. e6 Bb4 100. Rb6 Bf8 101. Kf3 Ra3 102. Rb7+ Kxh6 103. e7 Bxe7 104. Rxe7 Rxa6 105. Kg4 Rb6 106. Re3 Kg6 107. Kf3 Kf6 108. Rd3 Rb4 109. Ke3 Kf5 110. Rd5+ Ke6 111. Rd3 Kf5 112. Kd2 Kxf4 113. Kc3 Rb8 114. b4 Ke5 115. Kc4 Rc8+ 116. Kb5 Rb8+ 117. Ka4 Ra8+ 118. Kb3 Rb8 119. Rd2 Ke6 120. Rd4 Ke7 121. Ka4 Ra8+ 122. Kb5 Rb8+ 123. Kc6 Rc8+ 124. Kb7 Rf8 125. b5 Ke6 126. b6 Ke5 127. Rd1 Rf7+ 128. Ka8 Rd7 129. Rxd7 1-0


[Site "https://www.chess.com"]